 Dungeon Crawl Stone Soup version 0.26.1-15-g04117e645d (webtiles) character file.

Game seed: 17755800536399938413

102530 suipiss the Thaumaturge (level 15, -5/172 HPs)
             Began as a Demonspawn Transmuter on Dec 28, 2022.
             Was a High Priest of Ashenzari.
             Slain by a skeletal warrior
             ... wielding a +0 trident
              (27 damage)
             ... on level 15 of the Dungeon.
             The game lasted 01:41:49 (31457 turns).

suipiss the Thaumaturge (Demonspawn Transmuter)    Turns: 31457, Time: 01:41:50

Health: -5/172     AC:  6    Str: 11    XL:     15   Next: 86%
Magic:  25/31      EV: 17    Int: 27    God:    Ashenzari [*****.]
Gold:   1132       SH:  0    Dex: 13    Spells: 5/39 levels left

rFire    . . .     SeeInvis +     - Unarmed
rCold    x . .     Faith    +   (shield currently unavailable)
rNeg     . . .     Spirit   .   J - +3 leather armour {rPois}
rPois    +         Reflect  .   z - +0 hat "Itorgh" {rElec rC- Regen+ Stlth-} (curse)
rElec    +         Harm     .   (no cloak)
rCorr    .         Rampage  .   (gloves unavailable)
Will     +....     Clarity  +   (no boots)
Stlth    ..........             E - amulet of faith (curse)
HPRegen  0.78/turn              k - ring of wizardry (curse)
MPRegen  0.22/turn              D - +6 ring of intelligence

@: berserking, blade hands, very quick
A: claws 3, horns 1, talons 1, demonic guardian 2, spiny 2
a: End Transformation, Renounce Religion, Curse Item, Scrying, Transfer
Knowledge


You were on level 15 of the Dungeon.
You worshipped Ashenzari.
Ashenzari was extremely pleased with you.
You had blades for hands.
You visited 5 branches of the dungeon, and saw 25 of its levels.
You also visited: Ossuary and Ice Cave.

You collected 2172 gold pieces.
You spent 1040 gold pieces at shops.

Inventory:

Armour
 a - a +2 robe
 z - the cursed +0 hat "Itorgh" (worn) {rElec rC- Regen+ Stlth-}
   (You acquired it on level 12 of the Dungeon)

   It makes you vulnerable to cold.
   It insulates you from electricity.
   It increases your rate of regeneration.
   It makes you less stealthy.
   It has a curse placed upon it.
 H - a +0 troll leather armour
 J - a +3 leather armour of poison resistance (worn)
Jewellery
 k - a cursed ring of wizardry (left scythe-like blade)
 n - an uncursed ring of wizardry
 D - a +6 ring of intelligence (right scythe-like blade)
 E - a cursed amulet of faith (around neck)
 Q - a +6 ring of strength
 S - a +6 ring of dexterity
 T - an uncursed ring of positive energy
Wands
 e - a wand of flame (20)
 j - a wand of digging (21)
 o - a wand of polymorph (9)
 t - a wand of enslavement (7)
 u - a wand of paralysis (5)
 F - a wand of acid (4)
 N - a wand of disintegration (24)
 O - a wand of iceblast (11)
Scrolls
 c - 5 scrolls of fog
 l - 6 scrolls of teleportation
 p - 9 scrolls of remove curse
 v - 5 scrolls of immolation
 w - 2 scrolls of enchant armour
 x - a scroll of fear
 y - 7 scrolls of amnesia
 A - a scroll of brand weapon
 G - 5 scrolls of magic mapping
 I - a scroll of silence
 L - a scroll of vulnerability
 M - 6 scrolls of identify
Potions
 b - a potion of cancellation
 d - 5 potions of resistance
 f - 8 potions of mutation
 g - 9 potions of curing
 h - 5 potions of brilliance
 m - 5 potions of might
 q - a potion of magic
 r - 4 potions of flight
 s - 2 potions of lignification
Miscellaneous
 C - a condenser vane
 P - a phantom mirror


   Skills:
 + Level 9.9 Fighting
 + Level 9.3 Dodging
 + Level 9.5 Unarmed Combat
 * Level 12.9 Spellcasting
 - Level 3.7(6.2) Hexes
 * Level 10.7(13.2) Necromancy
 * Level 12.7(15.0) Transmutations
 - Level 8.0(10.6) Ice Magic


You had 5 spell levels left.
You knew the following spells:

 Your Spells              Type           Power        Failure   Level
a - Beastly Appendage     Tmut           100%         1%          1
b - Spider Form           Tmut/Pois      28%          4%          3
c - Ice Form              Ice/Tmut       72%          3%          4
d - Blade Hands           Tmut           39%          4%          5
e - Wereblood             Tmut           78%          1%          2
f - Olgreb's Toxic Radia  Pois           19%          43%         4
g - Ignite Poison         Fire/Tmut/Pois 45%          8%          3
h - Swiftness             Air            19%          14%         2
i - Passage of Golubria   Tloc           N/A          45%         4
j - Invisibility          Hex            50%          52%         6

Your spell library contained the following spells:

 Spells                   Type           Power        Failure   Level
 Animate Skeleton         Necr           100%         1%          1
 Pain                     Necr           100%         1%          1
 Vampiric Draining        Necr           36%          2%          3
 Sting                    Tmut/Pois      100%         3%          1
 Animate Dead             Necr           36%          3%          4
 Corona                   Hex            55%          4%          1
 Passwall                 Tmut/Erth      46%          4%          2
 Agony                    Necr           73%          4%          5
 Tukima's Dance           Hex            50%          6%          3
 Dazzling Flash           Conj/Hex       70%          11%         3
 Inner Flame              Hex/Fire       35%          11%         3
 Portal Projectile        Hex/Tloc       70%          11%         3
 Foxfire                  Conj/Fire      76%          12%         1
 Magic Dart               Conj           76%          12%         1
 Poisonous Vapours        Pois/Air       38%          14%         2
 Searing Ray              Conj           38%          14%         2
 Conjure Flame            Conj/Fire      19%          21%         3
 Mephitic Cloud           Conj/Pois/Air  19%          21%         3
 Fulminant Prism          Conj/Hex       17%          21%         4
 Iskenderun's Mystic Bla  Conj/Tloc      19%          45%         4
 Sticky Flame             Conj/Fire      19%          45%         4
 Iskenderun's Battlesphe  Conj           19%          69%         5
 Bolt of Magma            Conj/Fire/Erth 9%           71%         5
 Fireball                 Conj/Fire      9%           71%         5
 Lee's Rapid Deconstruct  Erth           9%           71%         5
 Iron Shot                Conj/Erth      9%           98%         6
 Orb of Destruction       Conj           9%           100%        7
 Spellforged Servitor     Conj/Summ      9%           100%        7


Dungeon Overview and Level Annotations

Branches:
Dungeon (15/15)            Temple (1/1) D:4            Lair (6/6) D:10
 Shoals (0/4) Lair:4       Spider (1/4) Lair:3        Slime (0/5) Lair:5
    Orc (2/2) D:10            Elf (0/3) Orc:2        Vaults (0/5) D:14
 Depths (0/5) D:15        Ossuary (visited)           IceCv (visited)

Altars:
Ashenzari
Cheibriados
Dithmenos
Elyvilon
Fedhas
Gozag
Hepliaklqana
Kikubaaqudgha
Makhleb
Nemelex Xobeh
Okawaru
Qazlal
Ru
Sif Muna
Trog
Uskayaw
Xom
Yredelemnul
Zin
The Shining One
Jiyva

Shops:
D:7 *   D:8 *   D:10 !   D:11 (   Orc:2 }[*(

Annotations:
Lair:3 3 runed translucent doors, tkbsonic5's ghost, journeyman BaFi
Lair:5 1 runed translucent door
Spider:1 Donald
Orc:2 3 runed translucent doors, Rallik's ghost, journeyman MiBe; phiIosophr's ghost, adept GnTm; tehphobia's ghost, journeyman GrEE


Innate Abilities, Weirdness & Mutations

You have claws for hands.
You have a pair of small horns on your head.
You have sharp toenails.
A demonic guardian rushes to your aid.
You are mostly covered in sharp spines.


Message History

* * * LOW HITPOINT WARNING * * *
The skeletal warrior closely misses you.
You hit the skeletal warrior but do no damage.
You claw the skeletal warrior.
You destroy the skeletal warrior!
The skeletal warrior hits you from afar with a +0 trident!
* * * LOW HITPOINT WARNING * * *
The bullfrog hits you but does no damage.
You slice the bullfrog!!
You kill the bullfrog!
The skeletal warrior hits you with a +0 trident!
* * * LOW HITPOINT WARNING * * *
You slash the skeletal warrior! Your kick misses the skeletal warrior.
The skeletal warrior is lightly damaged.
You hit the skeletal warrior.
You claw the skeletal warrior, but do no damage.
You headbutt the skeletal warrior.
The skeletal warrior is moderately damaged.
The skeletal warrior hits you with a +0 trident!!
You die...

..#......#......#**
..#####'##......#
................#
....#######.....#
....* #.....# ....*
#.....### ....#
#.......#
,,,,#######....z†)#
*,,,...........z@.#
*,,,.......########
*,,,.......*
*,,,....F..*
*,,,..z....*
*,,,...{...*
*,,,.......***
*,,,...z...,,*
*,,,,,,,,,,,,*


You could see 2 skeletal warriors.

Vanquished Creatures
  Rupert (D:14)
  Frances (D:13)
  Snorg (D:14)
  4 ogre magi (Orc:2)
  3 boulder beetles
  3 hydras
  2 vault guards (D:14)
  A centaur warrior (D:13)
  A catoblepas (D:13)
  4 tengu warriors (D:14)
  11 two-headed ogres
  6 death yaks
  8 skeletal warriors
  An unseen horror (D:13)
  4 harpies (D:14)
  Pikel (D:4)
  A manticore (D:14)
  2 deep elf magi
  3 cyclopes
  10 ugly things (D:15)
  3 elephants (Lair:5)
  4 black mambas
  2 torpor snails
  A merfolk siren (Lair:4)
  4 gargoyles (D:10)
  24 cane toads
  3 rime drakes
  10 komodo dragons
  A tengu conjurer (D:15)
  8 trolls
  A jumping spider (Lair:3)
  4 tyrant leeches (Lair:6)
  11 polar bears
  6 dream sheep (Lair:4)
  2 slime creatures (D:13)
  21 blink frogs
  3 wyverns
  A spriggan (Lair:3)
  3 shadows
  A redback (Lair:3)
  A tarantella (Lair:3)
  42 yaks
  2 basilisks
  6 vampire mosquitoes (Lair:6)
  A steam dragon (Lair:5)
  18 soldier ants (D:10)
  4 wargs
  15 water moccasins
  Duvessa (D:7)
  A black bear (D:7)
  2 sky beasts
  20 orc warriors
  3 ice beasts
  2 necrophages (D:9)
  3 phantoms
  34 ogres
  25 wolves
  A lemure (D:4)
  12 centaurs
  A big kobold (D:10)
  28 bullfrogs
  6 scorpions
  Dowan (D:7)
  5 killer bees (D:10)
  A wyvern skeleton (D:6)
  5 wights
  An electric eel (Lair:6)
  5 howler monkeys
  4 bullfrog zombies
  A centaur zombie (D:6)
  4 jellies
  A quasit (D:11)
  5 hounds
  12 orc priests
  2 bullfrog skeletons
  24 orc wizards
  4 centaur skeletons
  Ijyb (D:5)
  3 iguanas
  14 hell rats
  22 worker ants
  A big kobold zombie (Ossuary)
  A hound zombie (D:11)
  A hound skeleton (D:5)
  5 mummies (Ossuary)
  A worker ant zombie (D:9)
  9 adders
  4 gnolls
  A shadow imp (D:8)
  A white imp (D:8)
  An ooze (D:1)
  An adder zombie (D:9)
  3 adder skeletons
  7 leopard geckos
  48 orcs
  2 ball pythons
  7 giant cockroaches
  2 gnoll zombies (Ossuary)
  10 goblins
  4 hobgoblins
  3 jackals
  6 quokkas
  7 bats
  10 frilled lizards
  A giant cockroach zombie (D:6)
  2 goblin zombies (Ossuary)
  2 hobgoblin zombies (Ossuary)
  15 kobolds
  A leopard gecko skeleton (D:6)
  An orc zombie (Ossuary)
  9 rats
  2 rat zombies (D:5)
692 creatures vanquished.

Vanquished Creatures (collateral kills)
  Jorgrun (Orc:2)
  3 hydras
  2 vault guards (D:14)
  A catoblepas (Lair:6)
  2 two-headed ogres (Orc:2)
  3 death yaks (Lair:5)
  A queen ant (D:10)
  Urug (Lair:2)
  2 skeletal warriors
  An unseen horror (D:13)
  2 ugly things (D:15)
  An ice statue (IceCv)
  An elephant (Lair:5)
  A centaur zombie (D:10)
  A gargoyle (D:10)
  2 cane toads (Lair:6)
  A rime drake (D:12)
  3 polar bears (IceCv)
  11 yaks
  2 soldier ants (D:10)
  An ogre (Orc:2)
  4 wolves
  4 centaurs
  4 bullfrogs
  A scorpion (D:7)
  2 worker ants (D:10)
58 creatures vanquished.

Vanquished Creatures (others)
  29 fungi
  99 plants
128 creatures vanquished.

Grand Total: 878 creatures vanquished

Notes
Turn   | Place    | Note
-------+----------+-------------------------------------------
     0 | D:1      | suipiss the Demonspawn Transmuter began the quest for the
                  | Orb.
     0 | D:1      | Reached XP level 1. HP: 15/15 MP: 3/3
   125 | D:1      | Gained mutation: You are partially covered in sharp spines.
                  | [demonic ancestry]
   125 | D:1      | Reached XP level 2. HP: 12/21 MP: 3/5
   610 | D:1      | Reached XP level 3. HP: 25/26 MP: 6/6
   838 | D:1      | Learned a level 3 spell: Spider Form
  1674 | D:2      | Reached XP level 4. HP: 29/33 MP: 6/8
  2316 | D:2      | Learned a level 4 spell: Ice Form
  2401 | D:3      | Noticed an ogre
  2411 | D:3      | Killed an ogre
  2412 | D:3      | Gained mutation: You have sharp toenails. [demonic
                  | ancestry]
  2412 | D:3      | Reached XP level 5. HP: 7/38 MP: 4/9
  2415 | D:3      | HP: 2/45 [adder (5)]
  2730 | D:3      | Found a basalt altar of Yredelemnul.
  3557 | D:4      | Noticed a lemure
  3557 | D:4      | Noticed a lemure
  3560 | D:4      | Noticed Pikel
  3564 | D:4      | Killed a lemure
  3567 | D:4      | Noticed a lemure
  3571 | D:4      | Noticed a lemure
  3580 | D:4      | Killed Pikel
  3581 | D:4      | Reached skill level 1 in Ice Magic
  3581 | D:4      | Gained mutation: A weak demonic guardian rushes to your
                  | aid. [demonic ancestry]
  3581 | D:4      | Reached XP level 6. HP: 5/46 MP: 4/12
  3581 | D:4      | Reached XP level 7. HP: 6/51 MP: 4/13
  3852 | D:4      | Learned a level 5 spell: Blade Hands
  3858 | D:4      | Found a blossoming altar of Fedhas.
  3865 | D:4      | Found a glowing silver altar of Zin.
  3953 | D:4      | Found a white marble altar of Elyvilon.
  4585 | D:4      | Found a staircase to the Ecumenical Temple.
  4593 | Temple   | Entered the Ecumenical Temple
  4667 | Temple   | Became a worshipper of Ashenzari the Shackled
  4730 | D:5      | Entered Level 5 of the Dungeon
  4751 | D:5      | Found a sand-covered staircase.
  4760 | Ossuary  | Entered an ossuary
  4931 | Ossuary  | Reached skill level 5 in Fighting
  4931 | Ossuary  | Reached skill level 5 in Dodging
  4931 | Ossuary  | Reached skill level 5 in Unarmed Combat
  4931 | Ossuary  | Reached XP level 8. HP: 22/62 MP: 9/18
  5412 | D:5      | Learned a level 2 spell: Wereblood
  5443 | D:5      | Noticed Ijyb
  5451 | D:5      | Killed Ijyb
  6253 | D:6      | Gained mutation: A demonic guardian rushes to your aid.
                  | [demonic ancestry]
  6253 | D:6      | Reached XP level 9. HP: 56/68 MP: 15/20
  7747 | D:7      | Noticed Duvessa
  7747 | D:7      | Noticed Dowan
  7751 | D:7      | Killed Dowan
  7754 | D:7      | Killed Duvessa
  8004 | D:7      | Found a stormy altar of Qazlal.
  8271 | D:7      | Found Duiria's Assorted Antiques.
  8424 | D:7      | Found a bloodstained altar of Trog.
  8475 | D:7      | Found a hazy altar of Hepliaklqana.
  8480 | D:7      | Found a shadowy altar of Dithmenos.
  8636 | D:8      | Reached * piety under Ashenzari
  8863 | D:8      | Found a glowing golden altar of the Shining One.
  9255 | D:8      | Reached skill level 5 in Ice Magic
  9384 | D:8      | Noticed a boulder beetle
  9393 | D:8      | Killed a boulder beetle
  9394 | D:8      | Reached XP level 10. HP: 44/76 MP: 17/22
  9658 | D:8      | Found Acwit's Assorted Antiques.
  9714 | D:8      | Found an opulent altar of Gozag.
  9939 | D:9      | Noticed a two-headed ogre
  9947 | D:9      | Killed a two-headed ogre
 10260 | D:9      | Found a sacrificial altar of Ru.
 10975 | D:10     | Entered Level 10 of the Dungeon
 11074 | D:10     | Noticed a gargoyle
 11075 | D:10     | Killed a gargoyle
 11078 | D:10     | Noticed a gargoyle
 11083 | D:10     | Killed a gargoyle
 11087 | D:10     | Noticed a gargoyle
 11090 | D:10     | Killed a gargoyle
 11301 | D:10     | Noticed a gargoyle
 11303 | D:10     | Killed a gargoyle
 11314 | D:10     | Noticed a gargoyle
 11317 | D:10     | Killed a gargoyle
 11524 | D:10     | Gained mutation: You have sharp fingernails. [demonic
                  | ancestry]
 11524 | D:10     | Reached XP level 11. HP: 81/83 MP: 19/23
 11914 | D:10     | Noticed a queen ant
 11923 | D:10     | Killed a queen ant
 12264 | D:10     | Found a staircase to the Lair.
 12277 | D:10     | Found Goremaper's Distillery.
 12451 | D:10     | Found a staircase to the Orcish Mines.
 12643 | D:11     | Found Ruewas's Antique Weapon Shop.
 13199 | D:11     | Reached ** piety under Ashenzari
 13588 | D:12     | Found a frozen archway.
 13617 | IceCv    | Entered an ice cave
 13625 | IceCv    | Reached skill level 1 in Necromancy
 13707 | IceCv    | Gained mutation: You have very sharp fingernails. [demonic
                  | ancestry]
 13707 | IceCv    | Reached XP level 12. HP: 85/91 MP: 21/25
 13960 | IceCv    | Noticed a frost giant
 14247 | IceCv    | Reached skill level 10 in Spellcasting
 14535 | D:12     | Identified a scroll of acquirement
 14538 | D:12     | Acquired the cursed +0 hat "Itorgh" {rElec rC- Regen+
                  | Stlth-}
 14775 | D:12     | Reached skill level 10 in Transmutations
 14954 | Lair:1   | Entered Level 1 of the Lair of Beasts
 15898 | Lair:2   | Reached *** piety under Ashenzari
 16157 | Lair:2   | Noticed Urug
 16179 | Lair:2   | Killed Urug
 16452 | Lair:2   | Noticed a five-headed hydra
 16459 | Lair:2   | Killed a five-headed hydra
 16522 | Lair:2   | Reached skill level 5 in Necromancy
 17133 | Lair:3   | Found a runed translucent gate.
 17133 | Lair:3   | Found a runed translucent gate.
 17133 | Lair:3   | Found a runed translucent gate.
 17134 | Lair:3   | Noticed tkbsonic5's ghost (journeyman BaFi)
 17189 | Lair:3   | Gained mutation: You are mostly covered in sharp spines.
                  | [demonic ancestry]
 17189 | Lair:3   | Reached XP level 13. HP: 58/98 MP: 22/27
 17540 | Lair:3   | Found a hole to the Spider Nest.
 18169 | Lair:4   | Reached **** piety under Ashenzari
 18661 | Lair:4   | Found a staircase to the Shoals.
 19581 | Orc:1    | Entered Level 1 of the Orcish Mines
 19589 | D:10     | Learned a level 4 spell: Olgreb's Toxic Radiance
 19599 | D:10     | HP: 1/99 [orc warrior/+0 morningstar (21)]
 19814 | D:7      | Bought a paperback book for 480 gold pieces
 19838 | D:8      | Bought a paperback book for 375 gold pieces
 19842 | D:8      | Learned a level 3 spell: Ignite Poison
 19845 | D:8      | Learned a level 2 spell: Swiftness
 20543 | Orc:1    | Learned a level 4 spell: Passage of Golubria
 20554 | Orc:2    | Entered Level 2 of the Orcish Mines
 20686 | Orc:2    | Noticed Jorgrun
 20901 | D:10     | Bought a potion of berserk rage for 60 gold pieces
 21924 | D:13     | Noticed Frances
 21982 | D:13     | Killed Frances
 21983 | D:13     | Gained mutation: You have claws for hands. [demonic
                  | ancestry]
 21983 | D:13     | Reached XP level 14. HP: 104/106 MP: 5/29
 22621 | D:13     | Reached ***** piety under Ashenzari
 23344 | Lair:5   | Found a runed translucent door.
 23349 | Lair:5   | Found a viscous altar of Jiyva.
 23349 | Lair:5   | Found a staircase to the Slime Pits.
 24312 | Lair:6   | Entered Level 6 of the Lair of Beasts
 25956 | Lair:6   | Identified the Almanac of Entrancing Venom
 26541 | Lair:6   | Gained mutation: You have a pair of small horns on your
                  | head. [demonic ancestry]
 26541 | Lair:6   | Reached XP level 15. HP: 81/114 MP: 25/31
 27293 | Orc:2    | Killed Jorgrun
 27632 | Orc:2    | Found Tirohiw's Weapon Emporium.
 27632 | Orc:2    | Found Mogoyn's Armour Boutique.
 27633 | Orc:2    | Found Winanuaz's Assorted Antiques.
 27633 | Orc:2    | Found Ujiu's Gadget Shoppe.
 27648 | Orc:2    | Reached skill level 10 in Necromancy
 27874 | Orc:2    | Found a runed translucent gate.
 27874 | Orc:2    | Found a runed translucent gate.
 27874 | Orc:2    | Found a runed translucent gate.
 27879 | Orc:2    | Noticed tehphobia's ghost (journeyman GrEE)
 27879 | Orc:2    | Noticed Rallik's ghost (journeyman MiBe)
 27879 | Orc:2    | Noticed phiIosophr's ghost (adept GnTm)
 27892 | Orc:2    | Found a staircase to the Elven Halls.
 28371 | Spider:1 | Entered Level 1 of the Spider Nest
 28372 | Spider:1 | Noticed Donald
 28958 | D:14     | Noticed Rupert
 28963 | D:14     | Killed Rupert
 29171 | D:14     | Found a gate to the Vaults.
 29296 | D:14     | Noticed Snorg
 29313 | D:14     | Killed Snorg
 30438 | D:15     | Entered Level 15 of the Dungeon
 30610 | D:15     | Found a staircase to the Depths.
 30610 | D:15     | Noticed a frost giant
 30943 | D:8      | Bought a marble ring for 125 gold pieces
 30968 | D:8      | Learned a level 6 spell: Invisibility
 31107 | D:15     | Reached skill level 1 in Hexes
 31457 | D:15     | Slain by a skeletal warrior

Illustrated notes

Levels and vault maps discovered:
D:1:      dpeg_arrival_prison, layout_rooms
D:2:      layout_basic, serial_curves, eino_curves_01, eino_curves_02
D:3:      layout_rooms, nicolae_overflow_crystal_walls
D:4:      layout_basic, kennysheep_mini,
          chequers_temple_overflow_statue_of_worship,
          minmay_temple_entry_proselytizer, grunt_ministairs_7, uniq_pikel
D:5:      layout_basic, vehumet_altar_wand_db, enter_ossuary_4, uniq_ijyb
D:6:      minmay_goblin_kobold_castle, layout_basic, grunt_ministairs_15,
          minmay_fractal_squares_diagonal_5
D:7:      layout_loops_ring, riverfiend_overflow_shadow_ancestor,
          overflow_temple_1_default, kennysheep_mini_moat, serial_shops,
          nicolae_shop_overgrown_old_shop, grunt_ministairs_15, uniq_duvessa
D:8:      layout_basic, lemuel_coloured_pillars_altar, tso_metal_star,
          serial_shops, nicolae_shop_behind_doors
D:9:      layout_roguey, nicolae_ru_great_annihilating_truth
D:10:     cheibrodos_statue_roulette, layout_basic, lair_entry_dummy,
          serial_shops, shop_statue, minivault_29
D:11:     layout_basic, serial_shops, shop
D:12:     layout_small_grid, portal_ice_cave_rime
D:13:     layout_irregular_city, uniq_frances
D:14:     layout_roguey, lightli_vaults_fourway_checkpoint,
          minmay_misc_feat_hallway, hangedman_aviary, uniq_snorg, uniq_rupert
D:15:     grunt_enter_depths_snipers, layout_irregular_city
Temple:   eino_wide_crystal_templ
Lair:1:   layout_long_grid
Lair:2:   layout_concentric_octagons, lemuel_fruit_fields, uniq_urug
Lair:3:   layout_roguey, spider_nest_entry_a, gammafunk_ghost_split,
          wad_woods_03, lemuel_fruit_tree
Lair:4:   layout_roguey, minmay_shoals_entry_lonely_mermaid
Lair:5:   layout_regular_city, slime_altar_2, beast_lair_carwin_2
Lair:6:   minmay_lair_end_frog_pond, layout_gridlike
Spider:1: layout_spider_delve, uniq_donald
Orc:1:    layout_caves
Orc:2:    st_orc_ogre_mass, layout_diamond_mine, gammafunk_ghost_cemetery,
          uniq_jorgrun

Skill      XL: |  1  2  3  4  5  6  7  8  9 10 11 12 13 14 15 |
---------------+----------------------------------------------+-----
Transmutations | 2 3 7 8 9 10 11 12 | 12.7
Dodging        | 2 3 5 6 7 8 9 |  9.3
Unarmed Combat | 3 5 6 7 8 9 |  9.5
Fighting       | 2 5 6 7 8 9 |  9.9
Spellcasting   | 3 4 7 8 9 10 11 12 | 12.9
Ice Magic      | 1 4 5 6 7 8 |  8.0
Necromancy     | 1 5 7 9 10 | 10.7
Hexes          | 3 |  3.7

Action                   |  1- 3 |  4- 6 |  7- 9 | 10-12 | 13-15 || total
-------------------------+-------+-------+-------+-------+-------++-------
Melee: Unarmed           |    94 |    87 |   164 |   495 |   706 ||  1546
       Headbutt          |     6 |     6 |       |     3 |    27 ||    42
       Kick              |    11 |    14 |    33 |    90 |   178 ||   326
       Punch             |       |       |     6 |    16 |    23 ||    45
 Cast: Beastly Appendage |    26 |     4 |     1 |     5 |       ||    36
       Spider Form       |     2 |     1 |       |       |       ||     3
       Ice Form          |       |     3 |     1 |     4 |     6 ||    14
       Blade Hands       |       |       |    41 |    72 |    94 ||   207
       Wereblood         |       |       |     7 |    11 |     9 ||    27
       Ignite Poison     |       |       |       |       |    44 ||    44
       Olgreb's Toxic Ra |       |       |       |       |    32 ||    32
       Swiftness         |       |       |       |       |     3 ||     3
       Invisibility      |       |       |       |       |     2 ||     2
Invok: Curse Item        |       |       |     2 |     1 |       ||     3
       Scrying           |       |       |       |       |     3 ||     3
       Transfer Knowledg |       |       |       |       |     1 ||     1
       End Transfer Know |       |       |       |       |     1 ||     1
 Abil: End Transformatio |       |       |       |       |     2 ||     2
Evoke: Wand              |       |       |       |     8 |    29 ||    37
       Condenser vane    |       |       |       |     1 |     3 ||     4
  Use: Scroll            |     6 |     5 |     8 |     7 |    18 ||    44
       Potion            |       |     2 |     4 |     8 |     9 ||    23
 Stab: Sleeping          |       |     1 |       |       |       ||     1
       Paralysed         |       |       |       |     1 |     4 ||     5
       Invisible         |       |       |       |     1 |       ||     1
       Distracted        |       |       |       |     3 |     1 ||     4
Armor: Robe              |    19 |     5 |    11 |     9 |       ||    44
       Skin              |       |     6 |     2 |    36 |     6 ||    50
       Troll leather arm |       |       |       |    31 |       ||    31
       Leather armour    |       |       |       |    10 |    60 ||    70
Dodge: Dodged            |    63 |    40 |    87 |   265 |   448 ||   903
